| TOP OF THE 1ST |
|
University of Nebraska Cornhuskers batting - Pitching for University of Maine Black Bears : LHP Simone Richelmi
|
|
Pitching: LHP Simone Richelmi
|
|
|
Batting: LHB Bob Appleby
|
0-0: Ball 1-0: Ball 2-0: Called Strike 2-1: Fly out, F7 (Flyball, 7LS, EV 76.9 MPH)
|
|
Batting: RHB Danny Forbes
|
0-0: Ball 1-0: Called Strike 1-1: Foul Ball, location: 2F 1-2: Ball 2-2: Ball 3-2: Strikes out looking
|
|
Batting: RHB Zion Jones
|
0-0: Called Strike 0-1: Reached on error, E5 (Groundball, 5S, EV 66.9 MPH)
|
|
Batting: LHB Jose Gonzalez
|
0-0: Foul Ball, location: 2F 0-1: Called Strike 0-2: Ball 1-2: Ground out 6-3 (Groundball, 6M, EV 100.0 MPH)
|
| Top of the 1st over - 0 runs, 0 hits, 1 error, 1 left on base; University of Nebraska 0 - University of Maine 0 |
| BOTTOM OF THE 1ST |
|
University of Maine Black Bears batting - Pitching for University of Nebraska Cornhuskers : RHP Reshid Menderes
|
|
Pitching: RHP Reshid Menderes
|
|
|
Batting: RHB Wang Huan
|
0-0: Called Strike 0-1: Ball 1-1: Swinging Strike 1-2: Strikes out looking
|
|
Batting: LHB Dave Aguilar
|
0-0: SINGLE (Groundball, 4MD, EV 111.2 MPH)
|
|
Batting: SHB Mario Barajas
|
0-0: Called Strike 0-1: Called Strike Dave Aguilar steals 2nd base 0-2: Ball 1-2: Foul Ball, location: 2F 1-2: Ball 2-2: Ground out U3 (Groundball, 34, EV 80.0 MPH) Dave Aguilar to third
|
|
Batting: LHB Taro Inamine
|
0-0: Ball 1-0: Foul Ball, location: 2F 1-1: Called Strike 1-2: Ground out U3 (Groundball, 3, EV 90.0 MPH)
|
| Bottom of the 1st over - 0 runs, 1 hit, 0 errors, 1 left on base; University of Nebraska 0 - University of Maine 0 |
| TOP OF THE 2ND |
|
University of Nebraska Cornhuskers batting - Pitching for University of Maine Black Bears : LHP Simone Richelmi
|
|
Batting: RHB Chris Anthony
|
0-0: Foul Ball, location: 2F 0-1: Ground out 6-3 (Groundball, 6, EV 81.2 MPH)
|
|
Batting: RHB Mario Lopec
|
0-0: Called Strike 0-1: Ball 1-1: Ball 2-1: Ground out 2-3 (Groundball, 2L, EV 76.9 MPH)
|
|
Batting: LHB Mike Rawson
|
0-0: Foul Ball, location: 2F 0-1: Swinging Strike 0-2: Ball 1-2: Ground out 4-3 (Groundball, 4, EV 101.9 MPH)
|
| Top of the 2nd over - 0 runs, 0 hits, 0 errors, 0 left on base; University of Nebraska 0 - University of Maine 0 |
| BOTTOM OF THE 2ND |
|
University of Maine Black Bears batting - Pitching for University of Nebraska Cornhuskers : RHP Reshid Menderes
|
|
Batting: RHB Geoffrey Potter
|
0-0: Called Strike 0-1: Ball 1-1: Foul Ball, location: 2F 1-2: Ball 2-2: Ground out 4-3 (Groundball, 4S, EV 85.0 MPH)
|
|
Batting: LHB Carlos Rivera
|
0-0: Called Strike 0-1: Ball 1-1: Ball 2-1: Foul Ball, location: 2F 2-2: Foul Ball, location: 2F 2-2: Ball 3-2: DOUBLE (Flyball, 78D, EV 94.4 MPH)
|
|
Batting: RHB Geoffrey Gonzalez
|
0-0: Called Strike 0-1: Fly out, F9 (Flyball, 89M, EV 90.0 MPH)
|
|
Batting: LHB John Bergeron
|
0-0: Foul Ball, location: 2F 0-1: Fly out, F4 (Line Drive, 4, EV 71.2 MPH)
|
| Bottom of the 2nd over - 0 runs, 1 hit, 0 errors, 1 left on base; University of Nebraska 0 - University of Maine 0 |
| TOP OF THE 3RD |
|
University of Nebraska Cornhuskers batting - Pitching for University of Maine Black Bears : LHP Simone Richelmi
|
|
Batting: RHB Matt Peters
|
0-0: Foul Ball, location: 2F 0-1: Ball 1-1: Foul Ball, location: 2F 1-2: Fly out, F9 (Flyball, 9S, EV 78.1 MPH)
|
|
Batting: RHB Tariq Garane
|
0-0: Called Strike 0-1: Foul Ball, location: 2F 0-2: Foul Ball, location: 2F 0-2: Ball 1-2: Foul Ball, location: 2F 1-2: Foul Ball, location: 2F 1-2: Strikes out swinging
|
|
Batting: LHB Bob Appleby
|
0-0: Ball 1-0: Ball 2-0: SINGLE (Groundball, 4D, EV 104.4 MPH)
|
|
Batting: RHB Danny Forbes
|
0-0: Ball Bob Appleby is caught stealing 2nd base 2-4
|
| Top of the 3rd over - 0 runs, 1 hit, 0 errors, 0 left on base; University of Nebraska 0 - University of Maine 0 |
| BOTTOM OF THE 3RD |
|
University of Maine Black Bears batting - Pitching for University of Nebraska Cornhuskers : RHP Reshid Menderes
|
|
Batting: RHB Rewa Havika
|
0-0: Foul Ball, location: 2F 0-1: Swinging Strike 0-2: Fly out, F7 (Flyball, 7, EV 87.5 MPH)
|
|
Batting: RHB Wang Huan
|
0-0: Called Strike 0-1: Ball 1-1: Swinging Strike 1-2: Strikes out looking
|
|
Batting: LHB Dave Aguilar
|
0-0: Hit by Pitch
|
|
Batting: SHB Mario Barajas
|
0-0: Ball 1-0: Ball 2-0: Called Strike Dave Aguilar steals 2nd base 2-1: Ball 3-1: Foul Ball, location: 2F 3-2: Fly out, F7 (Flyball, 7D, EV 97.5 MPH)
|
| Bottom of the 3rd over - 0 runs, 0 hits, 0 errors, 1 left on base; University of Nebraska 0 - University of Maine 0 |
| TOP OF THE 4TH |
|
University of Nebraska Cornhuskers batting - Pitching for University of Maine Black Bears : LHP Simone Richelmi
|
|
Batting: RHB Danny Forbes
|
0-0: Ball 1-0: Ball 2-0: Ground out 5-3 (Groundball, 56S, EV 67.5 MPH)
|
|
Batting: RHB Zion Jones
|
0-0: Ball 1-0: Called Strike 1-1: Ball 2-1: Foul Ball, location: 2F 2-2: Foul Ball, location: 2F 2-2: Foul Ball, location: 2F 2-2: Ball 3-2: Base on Balls
|
|
Batting: LHB Jose Gonzalez
|
0-0: Ball 1-0: Ball Zion Jones steals 2nd base 2-0: Ball 3-0: Base on Balls
|
|
Batting: RHB Chris Anthony
|
Pickoff Throw to Second - Out! 0-0: Reached on error, E5 (Groundball, 56, EV 103.1 MPH) Jose Gonzalez to second
|
|
Batting: RHB Mario Lopec
|
0-0: Ball 1-0: Ball 2-0: Ball 3-0: Called Strike 3-1: Foul Ball, location: 2F 3-2: Base on Balls Jose Gonzalez to third Chris Anthony to second
|
|
Batting: LHB Mike Rawson
|
0-0: SINGLE (Groundball, 25, EV 73.1 MPH) (infield hit) Jose Gonzalez scores Chris Anthony to third Mario Lopec to second
|
|
Batting: RHB Matt Peters
|
0-0: Called Strike 0-1: Called Strike 0-2: Foul Ball, location: 2F 0-2: Strikes out looking
|
| Top of the 4th over - 1 run, 1 hit, 1 error, 3 left on base; University of Nebraska 1 - University of Maine 0 |
| BOTTOM OF THE 4TH |
|
University of Maine Black Bears batting - Pitching for University of Nebraska Cornhuskers : RHP Reshid Menderes
|
|
Batting: LHB Taro Inamine
|
0-0: Called Strike 0-1: Ball 1-1: Called Strike 1-2: Foul Ball, location: 2F 1-2: Ball 2-2: Foul Ball, location: 2F 2-2: Foul Ball, location: 2F 2-2: Ground out U3 (Groundball, 3, EV 109.4 MPH)
|
|
Batting: RHB Geoffrey Potter
|
0-0: Called Strike 0-1: DOUBLE (Groundball, 3L, EV 107.5 MPH)
|
|
Batting: LHB Carlos Rivera
|
0-0: Ball 1-0: Ball 2-0: Ball 3-0: Base on Balls
|
|
Batting: RHB Geoffrey Gonzalez
|
0-0: Swinging Strike 0-1: Ball 1-1: Foul Ball, location: 2F 1-2: Strikes out swinging
|
|
Batting: LHB John Bergeron
|
0-0: Called Strike 0-1: Called Strike 0-2: Ball 1-2: Foul Ball, location: 2F 1-2: Ball 2-2: Ground out U3 (Groundball, 3, EV 83.8 MPH)
|
| Bottom of the 4th over - 0 runs, 1 hit, 0 errors, 2 left on base; University of Nebraska 1 - University of Maine 0 |
| TOP OF THE 5TH |
|
University of Nebraska Cornhuskers batting - Pitching for University of Maine Black Bears : LHP Simone Richelmi
|
|
Batting: RHB Tariq Garane
|
0-0: Foul Ball, location: 2F 0-1: Foul Ball, location: 2F 0-2: Ball 1-2: Ball 2-2: Strikes out looking
|
|
Batting: LHB Bob Appleby
|
0-0: Ball 1-0: Ball 2-0: Fly out, F8 (Flyball, 8LS, EV 86.2 MPH)
|
|
Batting: RHB Danny Forbes
|
0-0: Ball 1-0: Ball 2-0: Called Strike 2-1: Called Strike 2-2: Fly out, F8 (Flyball, 8LD, EV 93.8 MPH)
|
| Top of the 5th over - 0 runs, 0 hits, 0 errors, 0 left on base; University of Nebraska 1 - University of Maine 0 |
| BOTTOM OF THE 5TH |
|
University of Maine Black Bears batting - Pitching for University of Nebraska Cornhuskers : RHP Reshid Menderes
|
|
Batting: RHB Rewa Havika
|
0-0: Ball 1-0: Ball 2-0: Called Strike 2-1: Ball 3-1: SINGLE (Line Drive, 8RM, EV 92.5 MPH)
|
|
Batting: RHB Wang Huan
|
0-0: Ball 1-0: Fly out, F9 (Flyball, 9D, EV 75.6 MPH)
|
|
Pitching: RHP Antonino Charno
|
|
|
Batting: LHB Dave Aguilar
|
0-0: Called Strike 0-1: Called Strike 0-2: Grounds into double play, 4-6-3 (Groundball, 4, EV 101.2 MPH)
|
| Bottom of the 5th over - 0 runs, 1 hit, 0 errors, 0 left on base; University of Nebraska 1 - University of Maine 0 |
| TOP OF THE 6TH |
|
University of Nebraska Cornhuskers batting - Pitching for University of Maine Black Bears : LHP Simone Richelmi
|
|
Pitching: RHP Chance Crawford
|
|
|
Batting: RHB Zion Jones
|
0-0: Ball 1-0: Swinging Strike 1-1: Ball 2-1: SINGLE (Line Drive, 9LS, EV 100.0 MPH)
|
|
Batting: LHB Jose Gonzalez
|
0-0: Called Strike 0-1: Ball 1-1: Ball 2-1: Ball 3-1: SINGLE (Groundball, 4, EV 97.5 MPH) Zion Jones to second Runner from 2nd tries for 3rd, SAFE, throw by CF made to third
|
|
Batting: RHB Chris Anthony
|
0-0: Grounds into double play, 4-6-3 (Groundball, 4, EV 86.9 MPH) Zion Jones scores
|
|
Batting: RHB Mario Lopec
|
0-0: Swinging Strike 0-1: Foul Ball, location: 2F 0-2: Ball 1-2: Foul Ball, location: 2F 1-2: Ball 2-2: Strikes out swinging
|
| Top of the 6th over - 1 run, 2 hits, 0 errors, 0 left on base; University of Nebraska 2 - University of Maine 0 |
| BOTTOM OF THE 6TH |
|
University of Maine Black Bears batting - Pitching for University of Nebraska Cornhuskers : RHP Antonino Charno
|
|
Batting: SHB Mario Barajas
|
0-0: Ball 1-0: Ball 2-0: Foul Ball, location: 2F 2-1: Ball 3-1: Base on Balls
|
|
Batting: LHB Taro Inamine
|
0-0: Called Strike 0-1: Ball 1-1: Ball 2-1: Ball 3-1: Foul Ball, location: 2F 3-2: Foul Ball, location: 2F 3-2: Foul Ball, location: 2F 3-2: Base on Balls Mario Barajas to second
|
|
Batting: RHB Geoffrey Potter
|
0-0: Called Strike 0-1: Ball 1-1: Fly out, F9 (Flyball, 89M, EV 93.8 MPH)
|
|
Batting: LHB Carlos Rivera
|
0-0: Swinging Strike 0-1: SINGLE (Flyball, 5D, EV 100.6 MPH) Mario Barajas to third Taro Inamine to second
|
|
Batting: RHB Geoffrey Gonzalez
|
0-0: Ball 1-0: Swinging Strike 1-1: Ball 2-1: Ball 3-1: Base on Balls Mario Barajas scores Taro Inamine to third Carlos Rivera to second
|
|
Batting: LHB John Bergeron
|
0-0: Fly out, F9 (Flyball, 9LMF, EV 85.0 MPH) Runner from 3rd tags up, SCORES, throw by RF Carlos Rivera to third
|
|
Batting: RHB Rewa Havika
|
0-0: Called Strike 0-1: Foul Ball, location: 2F 0-2: Strikes out swinging
|
| Bottom of the 6th over - 2 runs, 1 hit, 0 errors, 2 left on base; University of Nebraska 2 - University of Maine 2 |
| TOP OF THE 7TH |
|
University of Nebraska Cornhuskers batting - Pitching for University of Maine Black Bears : RHP Chance Crawford
|
|
Batting: LHB Mike Rawson
|
0-0: Called Strike 0-1: Ball 1-1: Ball 2-1: Ground out 4-3 (Groundball, 4M, EV 91.9 MPH)
|
|
Batting: RHB Matt Peters
|
0-0: Fly out, F4 (Popup, 4, EV 78.1 MPH)
|
|
Batting: RHB Tariq Garane
|
0-0: Called Strike 0-1: Foul Ball, location: 2F 0-2: Strikes out swinging
|
| Top of the 7th over - 0 runs, 0 hits, 0 errors, 0 left on base; University of Nebraska 2 - University of Maine 2 |
| BOTTOM OF THE 7TH |
|
University of Maine Black Bears batting - Pitching for University of Nebraska Cornhuskers : RHP Antonino Charno
|
|
Pitching: RHP Alejandro Echevarria
|
|
|
Batting: RHB Wang Huan
|
0-0: Ball 1-0: Called Strike 1-1: Fly out, F9 (Flyball, 9LM, EV 88.8 MPH)
|
|
Batting: LHB Dave Aguilar
|
0-0: Fly out, F9 (Flyball, 89M, EV 83.8 MPH)
|
|
Batting: SHB Mario Barajas
|
0-0: Foul Ball, location: 2F 0-1: Foul Ball, location: 2F 0-2: Ground out 5-3 (Groundball, 5, EV 84.4 MPH)
|
| Bottom of the 7th over - 0 runs, 0 hits, 0 errors, 0 left on base; University of Nebraska 2 - University of Maine 2 |
| TOP OF THE 8TH |
|
University of Nebraska Cornhuskers batting - Pitching for University of Maine Black Bears : RHP Chance Crawford
|
|
Batting: LHB Bob Appleby
|
0-0: Called Strike 0-1: Swinging Strike 0-2: Ball 1-2: Ball 2-2: Strikes out swinging
|
|
Batting: RHB Danny Forbes
|
0-0: Ball 1-0: Foul Ball, location: 2F 1-1: Foul Ball, location: 2F 1-2: Foul Ball, location: 2F 1-2: Ball 2-2: SINGLE (Groundball, 56D, EV 98.8 MPH)
|
|
Batting: RHB Zion Jones
|
0-0: Ball 1-0: Ball 2-0: Foul Ball, location: 2F 2-1: Fly out, F9 (Flyball, 89M, EV 92.5 MPH)
|
|
Batting: LHB Jose Gonzalez
|
0-0: Called Strike 0-1: DOUBLE (Groundball, 5L, EV 105.0 MPH) Danny Forbes to third Runner from 3rd tries for Home, SAFE, no throw by LF
|
|
Batting: RHB Chris Anthony
|
0-0: Ball 1-0: Called Strike 1-1: Swinging Strike 1-2: Strikes out swinging
|
| Top of the 8th over - 1 run, 2 hits, 0 errors, 1 left on base; University of Nebraska 3 - University of Maine 2 |
| BOTTOM OF THE 8TH |
|
University of Maine Black Bears batting - Pitching for University of Nebraska Cornhuskers : RHP Alejandro Echevarria
|
|
Batting: LHB Taro Inamine
|
0-0: Ball 1-0: Called Strike 1-1: Ground out 6-3 (Groundball, 4M, EV 91.9 MPH)
|
|
Batting: RHB Geoffrey Potter
|
0-0: Ball 1-0: Called Strike 1-1: SINGLE (Line Drive, 8RS, EV 110.0 MPH)
|
|
Batting: LHB Carlos Rivera
|
0-0: Foul Ball, location: 2F 0-1: Ball 1-1: Called Strike 1-2: Strikes out looking
|
|
Batting: RHB Geoffrey Gonzalez
|
0-0: Ball 1-0: Swinging Strike 1-1: Called Strike 1-2: Strikes out looking
|
| Bottom of the 8th over - 0 runs, 1 hit, 0 errors, 1 left on base; University of Nebraska 3 - University of Maine 2 |
| TOP OF THE 9TH |
|
University of Nebraska Cornhuskers batting - Pitching for University of Maine Black Bears : RHP Chance Crawford
|
|
Pitching: RHP Ik-jun Jahng
|
|
|
Batting: RHB Mario Lopec
|
0-0: Foul Ball, location: 2F 0-1: Foul Ball, location: 2F 0-2: Ball 1-2: Ball 2-2: Ball 3-2: Strikes out swinging
|
|
Batting: LHB Mike Rawson
|
0-0: Called Strike 0-1: Called Strike 0-2: SINGLE (Line Drive, 56D, EV 105.6 MPH)
|
|
Batting: RHB Matt Peters
|
0-0: Ball Mike Rawson steals 2nd base 1-0: Intentional Walk
|
|
Batting: RHB Tariq Garane
|
0-0: Ball 1-0: Called Strike 1-1: Foul Ball, location: 2F 1-2: Strikes out swinging
|
|
Batting: LHB Bob Appleby
|
0-0: Swinging Strike 0-1: Swinging Strike 0-2: Fly out, F7 (Flyball, 7D, EV 91.2 MPH)
|
| Top of the 9th over - 0 runs, 1 hit, 0 errors, 2 left on base; University of Nebraska 3 - University of Maine 2 |
| BOTTOM OF THE 9TH |
|
University of Maine Black Bears batting - Pitching for University of Nebraska Cornhuskers : RHP Alejandro Echevarria
|
|
Pitching: RHP Jorge Morales
|
|
|
Batting: LHB John Bergeron
|
0-0: Called Strike 0-1: Swinging Strike 0-2: Strikes out swinging
|
|
Pinch Hitting: LHB Ed Leighton
|
0-0: Ball 1-0: Foul Ball, location: 2F 1-1: Swinging Strike 1-2: Fly out, F8 (Flyball, 89S, EV 83.1 MPH)
|
|
Pinch Hitting: RHB Chris Hill
|
0-0: Ball 1-0: Called Strike 1-1: Swinging Strike 1-2: Foul Ball, location: 2F 1-2: Ball 2-2: Strikes out looking
|
| Bottom of the 9th over - 0 runs, 0 hits, 0 errors, 0 left on base; University of Nebraska 3 - University of Maine 2 |
|